cohdb
Replays
Latest Replays
All Replays
Popular Replays
Top Player Replays
Match Explorer
How It Works
Community
CoH3 Stats
Reddit
Sign in to upload your games and track your stats! →
Sign in with Steam
Match 28017079
Unlisted
Match 28017079
Overview
Messages
Build Orders
End
Kettenkrad Recon Vehicle
Construct Infanterie Kompanie
Selects Luftwaffe Battlegroup
Selects Luftwaffe Pioneer Support
MG 42 Machine Gun Team
Grenadier Squad
Pioneer Squad
Construct Panzergrenadier Kompanie
Construct Panzergrenadier Kompanie
Medical Bunker
Selects LG40 Recoilless Gun Paradrop
Panzergrenadier Squad
Panzergrenadier Squad
Panzergrenadier Squad
Panzergrenadier Squad
Selects Infantry Reserves
DIV 250 BigBoss
^3
CornWaffles
Some_Devil
0
0
Comments
sign in to comment!
No comments posted yet!